 Dungeon Crawl Stone Soup version 0.20.1-1-g8b1a95d (webtiles) character file.

136 equalderp2856 the Shield-Bearer (level 4, -1/40 HPs)
             Began as a Minotaur Fighter on July 26, 2017.
             Slain by Blork the orc
             ... wielding a +0 glaive
              (14 damage)
             ... on level 4 of the Dungeon.
             The game lasted 00:09:51 (2250 turns).

equalderp2856 the Shield-Bearer (Minotaur Fighter)  Turns: 2250, Time: 00:09:52

Health: -1/40      AC:  7    Str: 20    XL:     4   Next: 98%
Magic:  3/3        EV:  8    Int:  5    God:
Gold:   192        SH:  9    Dex: 11    Spells: 3/3 levels left

rFire    . . .     SeeInvis .   a - +0 war axe
rCold    . . .     Gourm    .   c - +0 shield
rNeg     . . .     Faith    .   b - +0 scale mail
rPois    .         Spirit   .   (helmet restricted)
rElec    .         Reflect  .   (no cloak)
rCorr    .         Harm     .   (no gloves)
MR       .....                  (no boots)
Stlth    ..........             (no amulet)
Regen    0.2/turn               (no ring)
MPRegen  0.1/turn               (no ring)

@: no status effects
A: retaliatory headbutt, horns 2
a: no special abilities


You were on level 4 of the Dungeon.
You were hungry.

You visited 1 branch of the dungeon, and saw 4 of its levels.

You collected 192 gold pieces.

Inventory:

Hand Weapons
 a - a +0 war axe (weapon)
 u - a +2 dagger of speed
 v - a +0 hunting sling
 y - a cursed -3 dagger
Missiles
 l - 69 arrows
 m - 54 stones (quivered)
 x - 67 sling bullets
Armour
 b - a +0 scale mail (worn)
 c - a +0 shield (worn)
Jewellery
 o - an uncursed ring of magical power {unknown}
Scrolls
 e - 2 scrolls of noise {unknown}
 i - a scroll of teleportation {unknown}
 t - a scroll of amnesia {unknown}
 w - a scroll of identify {unknown}
 B - a scroll of recharging {unknown}
 C - a scroll of random uselessness {unknown}
 D - a scroll of remove curse {unknown}
 E - a scroll of enchant armour {unknown}
Potions
 d - a potion of might
 g - a potion of lignification {unknown}
 h - 2 potions of cancellation {unknown}
 j - 3 potions of heal wounds {unknown}
 n - 3 potions of curing {unknown}
 p - a potion of brilliance {unknown}
 q - a potion of ambrosia {unknown}
 r - a potion of mutation {unknown}
 s - 2 potions of berserk rage {unknown}
Books
 z - a book of Changes

   Spells                             Type                      Level
   a - Beastly Appendage              Transmutation                1
   b - Sticks to Snakes               Transmutation                2
   c - Spider Form                    Transmutation/Poison         3
   d - Ice Form                       Ice/Transmutation            4
   e - Blade Hands                    Transmutation                5
Comestibles
 f - 2 bread rations
 k - 4 fruits
 A - 3 royal jellies
 F - a meat ration
 G - 2 chunks of flesh


   Skills:
 + Level 4.2 Fighting
 + Level 4.2 Axes
 + Level 4.4 Armour
 + Level 0.9 Dodging
 + Level 4.6 Shields


You had 3 spell levels left.
You didn't know any spells.

Dungeon Overview and Level Annotations

Branches:
Dungeon (4/15)
 Temple: D:4-7

Altars:

Annotations:
D:4 Blork the orc


Innate Abilities, Weirdness & Mutations

You reflexively headbutt those who attack you in melee.
You have a pair of horns on your head.


Message History

Blork the orc is severely wounded.
Blork the orc casts a spell at you. The puff of frost hits you!
* * * LOW HITPOINT WARNING * * *
You closely miss Blork the orc.
Blork the orc is severely wounded.
Blork the orc barely misses you. You furiously retaliate!
You headbutt Blork the orc. You hit Blork the orc but do no damage.
Blork the orc is severely wounded.
Blork the orc barely misses you. You furiously retaliate!
You headbutt Blork the orc. You closely miss Blork the orc.
Blork the orc is almost dead.
Blork the orc completely misses you.
You are feeling hungry.
You barely miss Blork the orc.
Blork the orc is almost dead.
Blork the orc hits you with a glaive!
You die...

...........#.....##
...........#............
...........#............
...........#............
......##'###............
......#....#............
......#....#............
......#....'..........).
......######....@o......
....... #............
....... #.....##.....
..... #.....# .... .....
#....... ... .....
#........ .. ..[..
#......... . .....
+......... .....


You could see Blork the orc.

Vanquished Creatures
  A hound skeleton (D:4)
  3 adders
  A worm (D:2)
  4 dart slugs
  3 leopard geckos
  An orc (D:4)
  6 giant cockroaches
  11 goblins
  11 hobgoblins
  4 jackals (D:1)
  3 quokkas
  A ball python (D:3)
  7 bats
  4 frilled lizards
  10 kobolds
  10 rats
80 creatures vanquished.

Notes
Turn   | Place    | Note
-------+----------+-------------------------------------------
     0 | D:1      | equalderp2856 the Minotaur Fighter began the quest for the Orb.
     0 | D:1      | Reached XP level 1. HP: 19/19 MP: 0/0
    70 | D:1      | Reached XP level 2. HP: 26/27 MP: 1/1
   328 | D:1      | Reached XP level 3. HP: 30/33 MP: 2/2
   555 | D:1      | You fall through a shaft!
   836 | D:2      | Found a faded altar of an unknown god.
   846 | D:2      | Reached XP level 4. HP: 38/40 MP: 3/3
  2237 | D:4      | Noticed Blork the orc
  2250 | D:4      | Slain by Blork the orc

Skill      XL: |  1  2  3  4 |
---------------+-------------+-----
Shields        | 4 |  4.6
Axes           | 3 4 |  4.2
Armour         | 4 |  4.4
Fighting       | 4 |  4.2
Dodging        | |  0.9

Action                   |  1- 3 |  4- 6 || total
-------------------------+-------+-------++-------
Melee: War axe           |    77 |    79 ||   156
       Headbutt          |    16 |    13 ||    29
  Eat: Chunk             |       |     4 ||     4
Armor: Scale mail        |    42 |    38 ||    80
Dodge: Dodged            |    25 |    28 ||    53
Block: Shield            |    39 |    48 ||    87
